 Dungeon Sprint DCSS version 0.29-a0-330-g52719c12eb (webtiles) character file.

Game seed: 5833552660903383875

15600000 thiscave3701365 the Archmage (level 27, -118/228 HPs)
             Began as a Djinni Warper on Apr 12, 2022.
             Was the Champion of Makhleb.
             Annihilated by a destroyer
             ... wielding a +9 vorpal great sword
              (144 damage)
             ... in the Dungeon (Sprint VIII: "Arena of Blood").
             The game lasted 00:03:29 (156 turns).

thiscave3701365 the Archmage (Djinni Warper)         Turns: 156, Time: 00:03:29

Health: -118/228   AC:  6    Str: 20    XL:     27
Gold:   0          EV: 24    Int: 19    God:    Makhleb [******] SH:  0 Dex: 13

rFire   + + .      SeeInvis +   i - +∞ Axe of Woe
rCold   x . .      Faith    .   (shield currently unavailable)
rNeg    . . .      Spirit   .   b - +0 leather armour
rPois   ∞          Reflect  .   (no helmet)
rElec   .          Harm     .   (no cloak)
rCorr   .          Rampage  .   (no gloves)
Will    ++...      NoTele   +   (boots unavailable)
Stlth   +++.......              (no amulet)
HPRegen 0.48/turn               j - ring of see invisible
MPRegen 0.00/turn               (no ring)

@: flying, slowed, very slow
A: sickness immunity, fire resistance 2, cold vulnerability 1, float, innate
caster, HP casting, extra vitality 1
0: Orb of Zot
a: Renounce Religion, Minor Destruction, Lesser Servant of Makhleb, Major
Destruction, Greater Servant of Makhleb


You were in the Dungeon.
You worshipped Makhleb.
Makhleb was exalted by your worship.
You visited 1 branch

Inventory:

Hand Weapons
 a - a +0 hand axe
 i - the +∞ Axe of Woe (weapon)
   (You found it in the Dungeon)
Missiles
 d - 7 boomerangs of dispersal
Armour
 b - a +0 leather armour (worn)
Jewellery
 j - a ring of see invisible (left hand)
 k - a +30 ring of slaying
Scrolls
 c - 2 scrolls of blinking
Potions
 e - a potion of curing
 f - a potion of heal wounds
 g - a potion of haste
 h - a potion of berserk rage


   Skills:
 O Level 27 Fighting
 O Level 27 Short Blades
 O Level 27 Long Blades
 O Level 27 Axes
 O Level 27 Maces & Flails
 O Level 27 Polearms
 O Level 27 Staves
 O Level 27 Slings
 O Level 27 Bows
 O Level 27 Crossbows
 O Level 27 Throwing
 O Level 27 Armour
 O Level 27 Dodging
 O Level 27 Stealth
 O Level 27 Shields
 O Level 27 Unarmed Combat
 O Level 27 Spellcasting
 O Level 27 Invocations
 O Level 27 Evocations


You couldn't memorise any spells.
You knew the following spells:

 Your Spells              Type           Power      Damage    Failure   Level
a - Blink                 Tloc           100%       N/A       0%          2
b - Lesser Beckoning      Tloc           91%        N/A       0%          3
c - Gell's Gravitas       Tloc           91%        N/A       0%          3
d - Teleport Other        Tloc           91%        N/A       0%          3
e - Manifold Assault      Tloc           91%        N/A       0%          5
f - Summon Small Mammal   Summ           100%       N/A       0%          1
g - Static Discharge      Conj/Air       91%        N/A       0%          2
h - Poisonous Vapours     Pois/Air       100%       N/A       0%          2
i - Swiftness             Air            91%        N/A       0%          3
j - Iskenderun's Mystic   Conj/Tloc      91%        2d18      0%          4
k - Lee's Rapid Deconstr  Erth           45%        3d23*     0%          5
l - Starburst             Conj/Fire      45%        6d13      0%          6
m - Enfeeble              Hex            45%        N/A       1%          7
n - Summon Cactus Giant   Summ           45%        N/A       0%          6
o - Monstrous Menagerie   Summ           45%        N/A       1%          7
p - Summon Horrible Thin  Summ           45%        N/A       1%          8
q - Lehudib's Crystal Sp  Conj/Erth      45%        10d11     1%          8
r - Polar Vortex          Ice            45%        N/A       2%          9
Your spell library was empty.

Dungeon Overview and Level Annotations

Branches:
Dungeon (1/1)

Altars:
Makhleb

Annotations:
D The Servant


Innate Abilities, Weirdness & Mutations

You are immune to sickness and miasma.
You are immune to poison.
Your flesh is very heat resistant. (rF++)
You are vulnerable to cold. (rC-)
You float through the air rather than walking.
You learn spells naturally, not from books.
Your magical power is your life essence.
You have superior vitality. (+4 MHP)


Message History

You are too injured to fight recklessly!
You pick up the Orb of Zot!
The Orb lets out a hideous shriek!
The lords of Pandemonium are not amused.
Beware!
Now all you have to do is get back out of the dungeon!
The eight-headed meat hydra roars!
You hear a shout!
You hear a screech!
You hear an angry growl.
You hear a shout! x3; You hear an angry hiss.
You hear a shout! x6; You hear two shouts!
You hear a shout! x3
You hear an angry hiss.
You hear a roar!
You hear a shout! x5
You hear an angry hiss.
You hear a roar!
You hear a shout!
You hear an angry hiss.
You hear a shout!
You hear an angry hiss. x2
You hear a shout! x3; You hear a roar!
You hear a shout! x2; You hear a roar!
You hear a shout!
You hear a roar!
You hear two shouts!
You hear a shout! x12
You hear a horrible gurgling sound!
You hear a shout!
You hear an angry squeal.
You hear a bellow!
You hear a shout! x5; You hear a screech!
You hear a shout!
You hear an angry hiss.
You hear a horrible gurgling sound!
You hear a roar!
You hear a shout!
You hear a roar!
You hear a shout! x2
You hear an angry hiss. x2; You hear a shout! x3; You hear two shouts!
You hear a shout! x3
A meat beast comes into view.
You hear a shout! x4
The destroyer casts a spell at you.
The destroyer blinks!
You hear a shout! x3
The tyrant gestures wildly while chanting.
A bag of meat comes into view. It is wielding a +9 war axe. x2
A dread comes into view.
The eight-headed meat hydra calls on the powers of darkness!
The eight-headed meat hydra convulses! x2; The Servant convulses!
The bag of meat convulses!
Your body is wracked with pain!
* * * LOW HITPOINT WARNING * * *
The meat berserker convulses! x2; The fleshlord convulses!
The observer convulses!
You hear a shout!
A meat berserker comes into view. It is wielding a +9 battleaxe.
The observer bites you!
* * * LOW HITPOINT WARNING * * *
A tyrant comes into view.
The destroyer hits you with a +9 vorpal great sword!!!!!
Ouch! That really hurt!
You die...
L. oo #o. .z# #..
LX#

o§o###... XX###o
)°)2..)O###X....)
#.§@..o.._†.D.D
......#@)..M#
......#_.@._#.. .
......#.VG..#....
#....oW.._.......
.......)###))....
).)###....)p)###).
§○)..#§)))).O#....
☼§§..#).)...)#....
§○○..))))...)O)...
...)))...W))....)#


You could see an accursed, 2 tentacled monstrosities, a meat beast (fast), 2
tyrants, The Servant, 2 eight-headed meat hydras, a destroyer, an observer
(fast, invisible), a fleshlord, a sculptor of flesh, 2 large abominations, a
dread, 3 meat berserkers and 7 bags of meat.

Vanquished Creatures
  Dispater (D)
  9 hell knights (D)
  Sigmund (D)
  14 hell beasts (D)
  7 royal mummies (D)
  11 great orbs of eyes (D)
  10 wraiths (D)
  18 vampire knights (D)
  47 ogres (D)
  7 two-headed ogres (D)
  14 liches (D)
  6 hydras (D)
  9 phantoms (D)
  89 orcs (D)
  9 skeletal warriors (D)
  9 sea snakes (D)
261 creatures vanquished.

Notes
Turn   | Place    | Note
-------+----------+-------------------------------------------
     0 | D        | Found the +∞ Axe of Woe
     0 | D        | thiscave3701365 the Djinni Warper began the quest for the
                  | Orb.
     0 | D        | Reached XP level 1. HP: 18/18 MP: 0/0
     4 | D        | Became a worshipper of Makhleb the Destroyer
     6 | D        | Noticed a bag of meat
     6 | D        | Noticed a bag of meat
     6 | D        | Noticed a bag of meat
     7 | D        | Noticed a meat berserker
     7 | D        | Noticed a bag of meat
     8 | D        | Noticed a bag of meat
     8 | D        | Noticed a bag of meat
     8 | D        | Noticed a bag of meat
     9 | D        | Killed a bag of meat
     9 | D        | Noticed a bag of meat
     9 | D        | Noticed a bag of meat
     9 | D        | Noticed a bag of meat
     9 | D        | Noticed a meat berserker
    10 | D        | Reached skill level 10 in Dodging
    10 | D        | Reached skill level 15 in Spellcasting
    10 | D        | Reached XP level 2. HP: 34/34 MP: 0/0
    10 | D        | Reached XP level 3. HP: 39/39 MP: 0/0
    10 | D        | Learned a level 1 spell: Summon Small Mammal
    10 | D        | Reached XP level 4. HP: 45/45 MP: 0/0
    10 | D        | Reached XP level 5. HP: 50/50 MP: 0/0
    10 | D        | Learned a level 2 spell: Static Discharge
    10 | D        | Reached XP level 6. HP: 56/56 MP: 0/0
    10 | D        | Reached XP level 7. HP: 61/61 MP: 0/0
    10 | D        | Learned a level 2 spell: Poisonous Vapours
    10 | D        | Reached XP level 8. HP: 67/67 MP: 0/0
    10 | D        | Reached XP level 9. HP: 72/72 MP: 0/0
    10 | D        | Learned a level 3 spell: Swiftness
    10 | D        | Reached XP level 10. HP: 78/78 MP: 0/0
    10 | D        | Reached XP level 11. HP: 84/84 MP: 0/0
    10 | D        | Learned a level 4 spell: Iskenderun's Mystic Blast
    10 | D        | Noticed a large bag of meat
    10 | D        | Noticed a bag of meat
    10 | D        | Noticed a meat berserker
    10 | D        | Noticed a bag of meat
    10 | D        | Noticed a bag of meat
    11 | D        | Noticed a bag of meat
    11 | D        | Noticed a bag of meat
    11 | D        | Noticed a bag of meat
    12 | D        | Killed a meat berserker
    12 | D        | Reached * piety under Makhleb
    12 | D        | Killed a bag of meat
    12 | D        | Killed a bag of meat
    12 | D        | Killed a bag of meat
    12 | D        | Reached ** piety under Makhleb
    12 | D        | Noticed a meat berserker
    12 | D        | Noticed a meat berserker
    13 | D        | Reached XP level 12. HP: 72/98 MP: 0/0
    13 | D        | Reached XP level 13. HP: 75/103 MP: 0/0
    13 | D        | Learned a level 5 spell: Lee's Rapid Deconstruction
    13 | D        | Reached XP level 14. HP: 81/110 MP: 0/0
    13 | D        | Killed a bag of meat
    13 | D        | Killed a bag of meat
    13 | D        | Killed a meat berserker
    13 | D        | Reached *** piety under Makhleb
    13 | D        | Noticed a bag of meat
    13 | D        | Noticed a meat berserker
    14 | D        | Reached skill level 15 in Fighting
    14 | D        | Reached XP level 15. HP: 84/120 MP: 0/0
    14 | D        | Learned a level 6 spell: Starburst
    14 | D        | Killed a meat berserker
    14 | D        | Reached **** piety under Makhleb
    14 | D        | Noticed a meat berserker
    15 | D        | Reached skill level 5 in Armour
    15 | D        | Reached XP level 16. HP: 130/130 MP: 0/0
    15 | D        | Noticed a meat berserker
    16 | D        | Reached skill level 5 in Throwing
    16 | D        | Reached skill level 27 in Spellcasting
    16 | D        | Reached XP level 17. HP: 139/139 MP: 0/0
    16 | D        | Learned a level 7 spell: Enfeeble
    16 | D        | Reached ***** piety under Makhleb
    16 | D        | Killed a meat berserker
    17 | D        | Reached XP level 18. HP: 154/154 MP: 0/0
    18 | D        | Reached skill level 27 in Axes
    18 | D        | Killed a meat berserker
    18 | D        | Reached ****** piety under Makhleb
    18 | D        | Killed a meat berserker
    18 | D        | Killed a meat berserker
    18 | D        | Noticed a meat berserker
    19 | D        | Reached skill level 27 in Fighting
    19 | D        | Reached skill level 10 in Throwing
    19 | D        | Reached skill level 27 in Dodging
    19 | D        | Reached XP level 19. HP: 27/174 MP: 0/0
    19 | D        | Learned a level 6 spell: Summon Cactus Giant
    19 | D        | Killed a large bag of meat
    19 | D        | Killed a meat berserker
    20 | D        | Reached XP level 20. HP: 101/181 MP: 0/0
    20 | D        | Noticed a destroyer
    20 | D        | Noticed a destroyer
    21 | D        | Killed a meat berserker
    22 | D        | Killed a destroyer
    22 | D        | Killed a destroyer
    23 | D        | Reached skill level 27 in Throwing
    23 | D        | Reached skill level 27 in Armour
    23 | D        | Reached XP level 21. HP: 182/187 MP: 0/0
    23 | D        | Learned a level 7 spell: Monstrous Menagerie
    23 | D        | Noticed a large bag of meat
    24 | D        | Noticed a destroyer
    26 | D        | Killed a destroyer
    26 | D        | Killed a large bag of meat
    26 | D        | Noticed a destroyer
    26 | D        | Noticed a destroyer
    27 | D        | Reached XP level 22. HP: 194/194 MP: 0/0
    27 | D        | Killed a destroyer
    27 | D        | Killed a destroyer
    27 | D        | Noticed a meat berserker
    28 | D        | Reached skill level 10 in Shields
    28 | D        | Reached skill level 10 in Unarmed Combat
    28 | D        | Reached skill level 10 in Invocations
    28 | D        | Reached skill level 10 in Evocations
    28 | D        | Killed a meat berserker
    29 | D        | Reached skill level 10 in Short Blades
    29 | D        | Reached skill level 10 in Long Blades
    29 | D        | Reached skill level 10 in Staves
    29 | D        | Reached skill level 10 in Stealth
    30 | D        | Reached skill level 10 in Maces & Flails
    30 | D        | Reached skill level 10 in Polearms
    30 | D        | Reached skill level 10 in Slings
    30 | D        | Reached skill level 10 in Bows
    30 | D        | Reached skill level 10 in Crossbows
    30 | D        | Reached XP level 23. HP: 201/201 MP: 0/0
    30 | D        | Learned a level 8 spell: Summon Horrible Things
    30 | D        | Noticed a destroyer
    34 | D        | Noticed a large bag of meat
    38 | D        | Killed a large bag of meat
    43 | D        | Noticed a large bag of meat
    47 | D        | Killed a large bag of meat
    48 | D        | Noticed a tyrant
    49 | D        | Killed a tyrant
    50 | D        | Reached skill level 15 in Shields
    50 | D        | Reached skill level 15 in Unarmed Combat
    50 | D        | Reached skill level 15 in Invocations
    50 | D        | Reached skill level 15 in Evocations
    50 | D        | Reached XP level 24. HP: 208/208 MP: 0/0
    52 | D        | Noticed an accursed
    52 | D        | Killed an accursed
    53 | D        | Reached skill level 15 in Short Blades
    53 | D        | Reached skill level 15 in Long Blades
    53 | D        | Reached skill level 15 in Staves
    53 | D        | Reached skill level 15 in Stealth
    54 | D        | Reached skill level 15 in Maces & Flails
    54 | D        | Reached skill level 15 in Polearms
    54 | D        | Reached skill level 15 in Slings
    54 | D        | Reached skill level 15 in Bows
    54 | D        | Reached skill level 15 in Crossbows
    59 | D        | Reached XP level 25. HP: 214/214 MP: 0/0
    59 | D        | Learned a level 8 spell: Lehudib's Crystal Spear
    59 | D        | Noticed a destroyer
    60 | D        | Noticed a meat beast
    60 | D        | Killed a destroyer
    60 | D        | Killed a meat beast
    61 | D        | Reached XP level 26. HP: 221/221 MP: 0/0
    61 | D        | Noticed a tyrant
    61 | D        | Noticed a destroyer
    61 | D        | Noticed a large bag of meat
    62 | D        | Killed a tyrant
    62 | D        | Killed a large bag of meat
    64 | D        | Noticed a tyrant
    64 | D        | Noticed a meat beast
    65 | D        | Killed a meat beast
    65 | D        | Killed a tyrant
    65 | D        | Noticed a large bag of meat
    66 | D        | Reached skill level 27 in Stealth
    66 | D        | Reached XP level 27. HP: 228/228 MP: 0/0
    66 | D        | Learned a level 9 spell: Polar Vortex
    66 | D        | Killed a large bag of meat
    66 | D        | Noticed an accursed
    66 | D        | Noticed a meat beast
    67 | D        | Killed an accursed
    67 | D        | Killed a meat beast
    67 | D        | Killed a destroyer
    67 | D        | Noticed The Captor
    68 | D        | Killed The Captor
    69 | D        | Reached skill level 27 in Short Blades
    69 | D        | Reached skill level 27 in Long Blades
    69 | D        | Reached skill level 27 in Shields
    69 | D        | Reached skill level 27 in Unarmed Combat
    69 | D        | Reached skill level 27 in Invocations
    69 | D        | Reached skill level 27 in Evocations
    70 | D        | Reached skill level 27 in Staves
    72 | D        | Noticed a dread
    73 | D        | Noticed a dread
    74 | D        | Killed a dread
    74 | D        | Killed a dread
    75 | D        | Reached skill level 27 in Maces & Flails
    75 | D        | Reached skill level 27 in Polearms
    75 | D        | Reached skill level 27 in Slings
    75 | D        | Reached skill level 27 in Bows
    75 | D        | Reached skill level 27 in Crossbows
    89 | D        | Noticed a meat beast
    89 | D        | Noticed a meat beast
    89 | D        | Noticed a tyrant
    90 | D        | Killed a meat beast
    90 | D        | Killed a meat beast
    90 | D        | Killed a tyrant
    90 | D        | Noticed a meat beast
    91 | D        | Killed a meat beast
    91 | D        | Noticed a destroyer
    92 | D        | Noticed an accursed
    92 | D        | Killed a destroyer
    92 | D        | Killed an accursed
    92 | D        | Noticed a meat beast
    92 | D        | Noticed a meat beast
    93 | D        | Killed a meat beast
    94 | D        | Noticed a meat beast
    95 | D        | Killed a meat beast
    96 | D        | Noticed a tyrant
    96 | D        | Noticed a destroyer
    97 | D        | Killed a tyrant
    97 | D        | Killed a destroyer
    97 | D        | Noticed a tyrant
    98 | D        | Killed a tyrant
    98 | D        | Noticed a tyrant
    98 | D        | Noticed a tyrant
    99 | D        | Killed a tyrant
    99 | D        | Killed a tyrant
   101 | D        | Noticed a meat beast
   102 | D        | Killed a meat beast
   102 | D        | Noticed a meat beast
   103 | D        | Killed a meat beast
   106 | D        | Noticed a tyrant
   107 | D        | Killed a tyrant
   107 | D        | Noticed an accursed
   108 | D        | Killed an accursed
   108 | D        | Noticed a destroyer
   109 | D        | Killed a destroyer
   110 | D        | Noticed a meat beast
   111 | D        | Killed a meat beast
   111 | D        | Noticed a meat beast
   111 | D        | Noticed a meat beast
   112 | D        | Killed a meat beast
   112 | D        | Killed a meat beast
   114 | D        | Noticed an accursed
   115 | D        | Killed an accursed
   119 | D        | Noticed a destroyer
   120 | D        | Killed a destroyer
   120 | D        | Noticed a dread
   120 | D        | Noticed a tyrant
   121 | D        | Killed a tyrant
   121 | D        | Killed a dread
   121 | D        | Noticed a fleshlord
   122 | D        | Killed a fleshlord
   126 | D        | Noticed a fleshlord
   127 | D        | Killed a fleshlord
   127 | D        | Noticed a destroyer
   128 | D        | Killed a destroyer
   128 | D        | Noticed a destroyer
   128 | D        | Noticed a fleshlord
   129 | D        | Killed a fleshlord
   129 | D        | Killed a destroyer
   130 | D        | Noticed a fleshlord
   130 | D        | Noticed a dread
   131 | D        | Killed a dread
   131 | D        | Killed a fleshlord
   132 | D        | Noticed a fleshlord
   133 | D        | Killed a fleshlord
   136 | D        | Noticed a dread
   136 | D        | Noticed a tyrant
   137 | D        | Killed a dread
   137 | D        | Killed a tyrant
   138 | D        | Noticed a fleshlord
   138 | D        | Noticed a large bag of meat
   139 | D        | Killed a fleshlord
   139 | D        | Killed a large bag of meat
   140 | D        | Noticed a fleshlord
   140 | D        | Noticed a fleshlord
   141 | D        | Killed a fleshlord
   141 | D        | Killed a fleshlord
   141 | D        | Noticed an accursed
   141 | D        | Noticed a tyrant
   142 | D        | Killed an accursed
   142 | D        | Killed a tyrant
   143 | D        | Noticed a meat beast
   144 | D        | Killed a meat beast
   144 | D        | Noticed an accursed
   145 | D        | Killed an accursed
   145 | D        | Noticed a destroyer
   146 | D        | Killed a destroyer
   146 | D        | Noticed a destroyer
   146 | D        | Noticed a destroyer
   146 | D        | Noticed a dread
   147 | D        | Killed a destroyer
   147 | D        | Noticed a dread
   147 | D        | Noticed a destroyer
   147 | D        | Noticed a tyrant
   148 | D        | Killed a dread
   148 | D        | Noticed a dread
   148 | D        | Noticed The Meatlord
   149 | D        | Noticed a fleshlord
   149 | D        | Killed a fleshlord
   149 | D        | Killed a tyrant
   149 | D        | Killed The Meatlord
   149 | D        | Noticed a tyrant
   150 | D        | Killed a tyrant
   150 | D        | Killed a destroyer
   150 | D        | Noticed an accursed
   150 | D        | Noticed The Servant
   150 | D        | Noticed a dread
   150 | D        | Noticed a destroyer
   151 | D        | Killed a dread
   151 | D        | Killed a destroyer
   151 | D        | Killed a dread
   151 | D        | Noticed a dread
   153 | D        | Killed a dread
   153 | D        | Noticed a destroyer
   153 | D        | Noticed a tyrant
   154 | D        | Killed a destroyer
   154 | D        | Noticed a destroyer
   155 | D        | Noticed a fleshlord
   155 | D        | Killed a dread
   155 | D        | Noticed a tyrant
   156 | D        | Got the Orb of Zot
   156 | D        | Noticed a meat beast
   156 | D        | Noticed a dread
   156 | D        | Noticed a tyrant
   156 | D        | Annihilated by a destroyer

Illustrated notes

Levels and vault maps discovered:
D:        meatsprint

Skill      XL: |  1  2  3  4  5  6  7  8  9 10 11 12 13 14 15 16 17 18 19 20 21 22 23 24 25 26 27 |
---------------+----------------------------------------------------------------------------------+-----
Fighting       | 9 13 15 17 18 21 27 | 27.0
Axes           | 8 14 17 19 21 25 27 | 27.0
Throwing       | 3 4 5 10 16 27 | 27.0
Armour         | 2 3 4 5 6 12 19 27 | 27.0
Dodging        | 10 14 16 17 18 20 27 | 27.0
Spellcasting   | 15 21 24 25 27 | 27.0
Short Blades   | 7 11 14 17 19 20 27 | 27.0
Long Blades    | 7 11 14 17 19 20 27 | 27.0
Maces & Flails | 6 10 13 15 18 19 27 | 27.0
Polearms       | 6 10 13 15 18 19 27 | 27.0
Staves         | 7 11 14 17 19 20 27 | 27.0
Slings         | 6 10 13 15 18 19 27 | 27.0
Bows           | 6 10 13 15 17 19 27 | 27.0
Crossbows      | 6 10 13 15 18 19 27 | 27.0
Stealth        | 7 11 14 17 19 27 | 27.0
Shields        | 7 11 15 17 19 21 27 | 27.0
Unarmed Combat | 7 11 15 17 19 21 27 | 27.0
Invocations    | 7 11 15 17 19 21 27 | 27.0
Evocations     | 7 11 15 17 19 21 27 | 27.0

Action                   |  1- 3 |  4- 6 |  7- 9 | 10-12 | 13-15 | 16-18 | 19-21 | 22-24 | 25-27 || total
-------------------------+-------+-------+-------+-------+-------+-------+-------+-------+-------++-------
Melee: Executioner's axe |     1 |       |       |     1 |     2 |    13 |    12 |    17 |   206 ||   252
 Cast: Manifold Assault  |       |       |       |       |       |     4 |     3 |    11 |    82 ||   100
Dodge: Dodged            |       |       |       |       |     1 |     2 |       |       |     1 ||     4

Table legend: (Time is in decaauts)
 A = Elapsed time spent in this place.
 B = Non-inter-level travel time spent in this place.
 C = Inter-level travel time spent in this place.
 D = Time resting spent in this place.
 E = Time spent auto-exploring this place.
 F = Levels seen in this place.
 G = Mean time per level.
                   A        B        C        D        E       F      G
               +--------+--------+--------+--------+--------+-----+--------+
         Total |    129 |    129 |      0 |      0 |      0 |   1 |  129.0 |
       Dungeon |    129 |    129 |      0 |      0 |      0 |   1 |  129.0 |
               +--------+--------+--------+--------+--------+-----+--------+

Top non-repeatable levels by time:
       D: 129 daAuts
